Cogmind - Beta 13 *** ADVENTURER MODE // 2024.04.27 @ 17:59:56 Player: MiNathan Result: Destroyed by UO-I2M(R) with Subdweller Laser Performance ------------- Evolutions (0) 0 Regions Visited (2) 400 Robots Destroyed (32) 160 Value Destroyed (900) 900 Prototype IDs (0) 0 Alien Tech Used (0) 0 Bonus (-221) -221 TOTAL SCORE: 1239 Bonus ------- High Alert Combat Kills 16 Friendly Fire -237 Cogmind --------- Core Integrity 0/250 Matter 300/300 Energy 100/100 System Corruption 0% Temperature Cool (6) Movement Core (150) Ox2 Location -10/Subcaves Parts ------- > --- POWER (1) -------- (None) > --- PROPULSION (2) --- (None) > --- UTILITY (2) ------ Structural Scanner ECM Suite > --- WEAPON (2) ------- Subdweller Machine Gun > --- INVENTORY (5) ---- Scrap Shield Peak State ------------ > --- POWER ------------ Ion Engine > --- PROPULSION ------- Light Treads Light Treads > --- UTILITY ---------- Targeting Computer ECM Suite > --- WEAPON ----------- Battle Rifle Grenade Launcher > --- INVENTORY -------- Structural Scanner Scrap Shield Light Assault Rifle [Rating: 8] Favorites ----------- Power Ion Engine Engine Ion Engine Propulsion Light Treads Treads Light Treads Utility ECM Suite Device ECM Suite Processor Targeting Computer Weapon Grenade Launcher Energy Gun EM Pulse Gun Ballistic Gun Light Assault Rifle Launcher Grenade Launcher Build | -11 -10 -10 ------- Run | Yrd Mat Sub Slots Evolved . | . . . Power . | . . . Propulsion . | . . . Utility . | . . . Weapon . | . . . Parts Attached 12 | 5 3 4 Power 2 | 1 . 1 Engine 2 | 1 . 1 Core . | . . . Reactor . | . . . Propulsion 2 | 2 . . Treads 2 | 2 . . Leg . | . . . Wheel . | . . . Hover . | . . . Flight . | . . . Utility 3 | . 2 1 Device 2 | . 1 1 Storage . | . . . Processor 1 | . 1 . Hackware . | . . . Protection . | . . . Artifact . | . . . Weapon 5 | 2 1 2 Energy Gun 1 | 1 . . Energy Cannon . | . . . Ballistic Gun 3 | 1 . 2 Ballistic Cannon . | . . . Launcher 1 | . 1 . Special Weapon . | . . . Impact Weapon . | . . . Slashing Weapon . | . . . Piercing Weapon . | . . . Special Melee Weapon . | . . . Unidentified Prototypes . | . . . Parts Lost 5 | . . 5 Power 1 | . . 1 Propulsion 2 | . . 2 Utility . | . . . Weapon 2 | . . 2 Highest Loss Streak 5 | . . 5 To Critical Strikes . | . . . Average Slot Usage (%) 91 | . 85 94 Engine 13 | . 14 13 Treads 26 | . 28 25 Device 14 | . 7 17 Processor 8 | . 5 10 Ballistic Gun 13 | . 14 13 Launcher 12 | . 13 12 Naked Turns . | . . . Heaviest Build 13 | 8 11 13 Greatest Support 40 | 40 40 40 Greatest Overweight (x) 2 | . . 2 Average Overweight (x) . | . . . Largest Inventory Capacity 5 | 5 5 5 Average Capacity 5 | 5 5 5 Most Carried 5 | 5 2 5 Average Carried 2 | . . 3 Final Capacity 5 | 5 5 5 Final Carried 2 | . 2 2 Class Distribution -------------------- 85% | Mutant 14% | Infiltrator-Mutant Dominant Class ---------------- Mutant | -10/Materials Mutant | -10/Subcaves Resources | -11 -10 -10 ----------- Run | Yrd Mat Sub Matter Collected 527 | 194 201 132 Remotely . | . . . Salvage Created 891 | . 555 336 Parts 50 | . 32 18 Haulers Intercepted . | . . . Recyclers Shooed 1 | . 1 . Parts Field Recycled . | . . . Retrieved Matter . | . . . Parts Self-Destructed 10 | . . 10 Prevented . | . . . Kills | -11 -10 -10 ------- Run | Yrd Mat Sub Combat Hostiles Destroyed 24 | . 13 11 Guns 4 | . 3 1 AOE 20 | . 10 10 Classes Destroyed 7 | . 5 2 Builder 2 | . 2 . Recycler 3 | . 3 . Watcher 2 | . 2 . Swarmer 3 | . 3 . Grunt 10 | . 10 . Subdweller 11 | . . 11 Guerrilla 1 | . . 1 Best Kill Streak 9 | . 9 9 Combat Bots Only 9 | . 6 9 Max Kills in Single Turn 5 | . 3 5 Gunslinging . | . . . Exploded 5 | . 2 5 Melee . | . . . Uniques/NPCs Destroyed . | . . . Combat | -11 -10 -10 -------- Run | Yrd Mat Sub Hostile Shots Fired 75 | . 19 56 Missed 23 | . 7 16 Damage Taken 955 | . 196 759 Core 252 | . 30 222 Absorbed by Shields . | . . . Ignored by Resistances 266 | . 61 205 Core Remaining (%) 100 | 100 . . Volleys Fired 56 | . 30 26 Largest 2 | . 2 2 Hottest 50 | . 50 50 Shots Fired 85 | . 47 38 Gun 56 | . 30 26 Cannon . | . . . Launcher 29 | . 17 12 Special . | . . . Kinetic 56 | . 30 26 Thermal . | . . . Explosive 29 | . 17 12 Electromagnetic . | . . . Robot Hit Streak 28 | . 11 28 Robot Miss Streak 1 | . 1 1 Penetration Max . | . . . Secondary Targets . | . . . Shots Hit Robots 57 | . 25 32 Core Hits 67 | . 35 32 Critical Kills . | . . . Critical Parts Destroyed . | . . . Critical Strikes . | . . . Melee Attacks . | . . . Impact . | . . . Slashing . | . . . Piercing . | . . . Sneak Attacks . | . . . Combat Hostiles . | . . . Follow-up Attacks . | . . . Damage Inflicted 2438 | . 933 1505 Guns 492 | . 150 342 Cannons . | . . . Explosions 1927 | . 783 1144 Melee . | . . . Ramming 19 | . . 19 Kinetic 492 | . 150 342 Thermal . | . . . Explosive 1927 | . 783 1144 Electromagnetic . | . . . Impact . | . . . Slashing . | . . . Piercing . | . . . Highest Corruption . | . . . Average Corruption . | . . . Corruption Purged . | . . . Corruption Blocked . | . . . Overload Shots . | . . . Overflow Damage 13 | . 13 . Projectiles . | . . . Explosions 13 | . 13 . Melee . | . . . Knockbacks 1 | . . 1 Impact 1 | . . 1 Kinetic . | . . . Secondary . | . . . Self-Inflicted Damage 184 | . 112 72 Shots 10 | . 7 3 Rammed 19 | . . 19 Targets Rammed 19 | . . 19 Kicked . | . . . Crushed . | . . . Highest Temperature 22 | . 22 . Average Temperature 8 | . 8 . Received Heat Transfer 240 | . 48 192 Siege Activations . | . . . Robots Corrupted . | . . . Combat Hostiles . | . . . Parts Fried . | . . . Impact Corruptions . | . . . Robots Melted . | . . . Combat Hostiles . | . . . Parts Melted . | . . . Heat Transferred . | . . . Parts Sabotaged . | . . . Parts Stolen . | . . . Parts Stripped . | . . . Power Chain Reactions . | . . . Alert | -11 -10 -10 ------- Run | Yrd Mat Sub Peak Influence 449 | . 449 . Initial . | . . . Average 192 | . 221 . Maximum Alert Level 2 | . 2 . Low Security (%) 46 | 100 38 . Level 1 28 | . 33 . Level 2 24 | . 28 . Level 3 . | . . . Level 4 . | . . . Level 5 . | . . . High Security . | . . . Max Security . | . . . Squads Dispatched 3 | . 3 . Investigation 3 | . 3 . Extermination . | . . . Reinforcement . | . . . Assault . | . . . Garrison . | . . . Intercept . | . . . Searches Triggered . | . . . Construction Impeded . | . . . Haulers Reinforced . | . . . Active Scanning Responses . | . . . Cargo Convoy Interrupts . | . . . Stealth | -11 -10 -10 --------- Run | Yrd Mat Sub Distress Signals . | . . . Communications Jammed . | . . . Distress Signals . | . . . Times Spotted 27 | . 13 14 Peak Tracking Total 12 | . 4 12 Tactical Retreats . | . . . Traps | -11 -10 -10 ------- Run | Yrd Mat Sub Traps Triggered 1 | . . 1 Indirectly . | . . . Trap Hack Attempts . | . . . Triggered . | . . . Disarmed 4 | . 4 . Reprogrammed . | . . . Reused . | . . . Traps Extracted . | . . . Installed . | . . . Triggered . | . . . Machines | -11 -10 -10 ---------- Run | Yrd Mat Sub Machines Disabled 3 | . 3 . Max in Single Turn 1 | . 1 . Machines Repaired . | . . . Machines Dismantled . | . . . Machines Sabotaged . | . . . Overloaded Fab Kills . | . . . Hacking | -11 -10 -10 --------- Run | Yrd Mat Sub Machines Accessed 5 | . 5 . Terminals 4 | . 4 . Fabricators . | . . . Repair Stations . | . . . Recycling Units 1 | . 1 . Scanalyzers . | . . . Garrison Access . | . . . Total Hacks 24 | . 24 . Successful 16 | . 16 . Failed 8 | . 8 . Catastrophic . | . . . Database Lockouts . | . . . Manual . | . . . Terminals 21 | . 21 . Fabricators . | . . . Repair Stations . | . . . Recycling Units 3 | . 3 . Scanalyzers . | . . . Garrison Access . | . . . Terminal Hacks 13 | . 13 . Record 9 | . 9 . Emergency Access Points 1 | . 1 . Disarm Traps 2 | . 2 . Zone Layout 1 | . 1 . Fabricator Hacks . | . . . Repair Station Hacks . | . . . Recycling Unit Hacks 3 | . 3 . Process 1 | . 1 . Report Inventory 1 | . 1 . Retrieve Matter 1 | . 1 . Scanalyzer . | . . . Garrison Access Hacks . | . . . Unauthorized Hacks . | . . . Terminals . | . . . Fabricators . | . . . Repair Stations . | . . . Recycling Units . | . . . Scanalyzers . | . . . Garrison Access . | . . . Data Cores Recovered . | . . . Used . | . . . Hacking Detections 5 | . 5 . Full Trace Events 5 | . 5 . Feedback Events . | . . . Feedback Blocked . | . . . Robot Schematics Acquired . | . . . Robots Built . | . . . Authchips . | . . . Time . | . . . Total Robot Build Rating . | . . . Part Schematics Acquired . | . . . Parts Built . | . . . Authchips . | . . . Time . | . . . Total Part Build Rating . | . . . Parts Repaired . | . . . Time . | . . . Parts Recycled . | . . . Recycled Matter 85 | . 85 . Retrieved Matter 85 | . 85 . Retrieved Components . | . . . Parts Scanalyzed . | . . . Part Schematics Acquired . | . . . Parts Damaged . | . . . Bothacking | -11 -10 -10 ------------ Run | Yrd Mat Sub Used RIF Installer . | . . . Robots Hacked . | . . . Non-combat . | . . . Combat . | . . . Robot Hacks Applied . | . . . Relay Couplers Released . | . . . Fabnet Peak Effective % . | . . . Robots Rewired . | . . . Allies Hacked . | . . . Hacks Repelled . | . . . Allies | -11 -10 -10 -------- Run | Yrd Mat Sub Total Allies . | . . . Largest Group . | . . . Highest-Rated Group . | . . . Highest-Rated Ally . | . . . Total Orders . | . . . Ally Attacks . | . . . Total Damage . | . . . Kills . | . . . Allies Corrupted . | . . . Allies Melted . | . . . Intel | -11 -10 -10 ------- Run | Yrd Mat Sub Robot Analysis Total . | . . . Derelict Logs Recovered 2 | . . 2 Drone Launches . | . . . Drone Recoveries . | . . . Exploration | -11 -10 -10 ------------- Run | Yrd Mat Sub Turns Passed 1090 | 56 380 654 Spaces Moved 561 | 38 177 346 Core 16 | 12 . 4 Treads 545 | 26 177 342 Legs . | . . . Wheels . | . . . Hover . | . . . Flight . | . . . Fastest Speed 50 | 50 160 150 Average Speed 157 | 125 160 159 Slowest Speed 160 | 160 160 160 Overloaded Moves . | . . . Propulsion Burnouts . | . . . Robots Hopped . | . . . Cave-ins Triggered . | . . . Exploration Rate (%) 18 | 3 29 23 Regions Visited 2 Branch Regions 1 Pre-discovered Areas . | . . . Known Exits Taken . | . . . Unknown Exits Taken 2 | 1 1 . Scrap Searched . | . . . Spaces Dug 8 | . . 8 Terrain Destroyed 114 | . 80 34 Melee . | . . . Projectile . | . . . AOE 114 | . 80 34 Terrain Rammed . | . . . Walls Destroyed . | . . . Machines Disabled . | . . . Actions | -11 -10 -10 --------- Run | Yrd Mat Sub Total 682 | 47 233 402 Wait 18 | . 18 . Move 559 | 37 176 346 Hop . | . . . Pick Up 14 | 5 5 4 Fast Attach . | . . . Attach 8 | 5 2 1 Detach . | . . . Swap 4 | . 1 3 Drop 4 | . 1 3 Fire 56 | . 30 26 Melee . | . . . Ram 19 | . . 19 Kick . | . . . Crush . | . . . Escape Stasis . | . . . Rewire . | . . . Trap . | . . . Miscellaneous . | . . . Route ------- -11/Scrapyard -10/Materials (discovered 2 exits: [*Min] / [*Sub]) -10/Subcaves History --------- Turn | Location | Event 19 | -11/Scrapyard | Discovered new exit (range 15) 57 | -11/Scrapyard | Entered Materials 280 | -10/Materials | Discovered new exit (range 12) 310 | -10/Materials | Build established: Mutant 420 | -10/Materials | Discovered new exit (range 8) 437 | -10/Materials | Entered Subcaves 507 | -10/Subcaves | Learned 4 Materials zone layouts 528 | -10/Subcaves | Ambushed by swarm of Subdwellers 577 | -10/Subcaves | Destroyed 9 combat bots 577 | -10/Subcaves | Lost 4 allies 1044 | -10/Subcaves | Core integrity fell below 50% 1058 | -10/Subcaves | Core integrity fell below 20% 1091 | -10/Subcaves | Destroyed by UO-I2M(R) with Subdweller Laser Last Messages --------------- A1-NIK(R) knocked back. Destabilizing: System interference. ECM Suite temporarily disabled. Slammed into A1-NIK(R). A1-NIK(R) destroyed. Acquired Sub. Machine Gun. UO-I2M(R) affixes Scrap Shield Fragment to Scrap Shield. Slammed into UO-I2M(R). Ion Engine destroyed. Slammed into UO-I2M(R). ECM Suite broken. Destabilizing: Short circuit. Slammed into UO-I2M(R). Structural Scanner broken. Destabilizing: Short circuit. Slammed into UO-I2M(R). Destabilizing: System interference. Sub. Machine Gun temporarily disabled. Slammed into UO-I2M(R). Map ----- +----------------------------------------------------+ | ?????????????????????????????????????????????????? | | ?????????????????????????????????????????????????? | | ?????????????????????????????????????????????????? | | ?????????????????????????????????????????????????? | | ?????????????????????????????????????????????????? | | ?????????????????????????????????????????????????? | | ?????????????????????????????????????????????????? | | ?????????????????????????????????????????????????? | | ?????????????????????????????????????????????????? | | ?????????????????????????????????????????????????? | | ?????????????????????????????????????????????????? | | ?????????????????????????????????????????????????? | | ?????????????????????????????????????????????????? | | ?????????????????????????????????????????????????? | | ?????????????######??????????????????????????????? | | ????????????###########??????????????????????????? | | ????????????### #######?????????????????#### ???? | | ?### ?????## ###?####???????????# ????? | | #### #???## ###########??###?# ??????? | | # ###???## #### ##### ## ## ???????? | | ######## ????? ??? | | ?# ####### ?? #????? #??? | | ?## ## ## ##??# ##??# ##??? | | ?## ### ###??# ### ##?? | | ?## #### ###?## ##? | | ?## ##### R@%#### | | ?#### #### !& %%### | | ##### ### ##% ### ###???? | | #### ###! ## ###### ## ##?????? | | ### ### ### ###??# ##??###????? | | ## ### #####???# #??# ##???? | | ## ###????### ##? #???? | | ### ##??????## ## #???? | | #### ### ##???????# #???? | | ###### ### ####???????## ##???? | | ######## ### ####????????## #????? | | ###??### #### ###???????????## #????? | | ##????### ##### ###?????????##### #????? | | ??????#### ###### ?????????## ### ##???? | | ???????### ##?###### ???????### # #???? | | ????????## ###??###### ???????# ## #???? | | ????????##### ??????###????????# ## #???? | | ????????#### ?????????????????## ##??? | | ##????????????????????????????# !& #??? | | # ????????????????????????????# ! = ###??? | | # ????????????????????????????# && | &! ###????? | | ## ??????????????????????????##] %= = & #??????? | | #####????????????????????????# [% ##??????? | | ####????????????????????????### [ #???????? | | ##?????????????????????????# #= ##???????? | +----------------------------------------------------+ Best States ------------- Heat Dissipation 25 Energy Generation 10 Energy Capacity 250 Matter Stores 300 Matter Capacity 300 Sight Range 16 Terrain Scan Density 10 ECM Strength 1 Resistance: KI 20 Resistance: TH 20 Resistance: EX 20 Resistance: EM 20 Resistance: I 20 Resistance: S 20 Resistance: P 20 Evasion (%) 50 Targeting Accuracy 5 Recoil Reduction 2 Offensive Hacking 10 Item Schematics ----------------- None Robot Schematics ------------------ None Fabricated ------------ Nothing Alien Tech Used ----------------- None Achievements -------------- Quick And Dirty Challenges ------------ None Game ------ Seed SuperchargedStorageMatrix Manual? 0 Play Time 00:12:25 Cumulative 2.1 hours Start 2024.04.27 @ 17:51:15 End 2024.04.27 @ 17:59:56 Sessions 1 Manual Loads 0 Difficulty Adventurer Special Mode None Game No. 7 Rogue 0 Adventurer 7 Explorer 0 Win Type - Total 0 Types 0/0/0/0/0/0/0/0/0 Lore% 8 Gallery% 8 Achievement% 10 Wizard Run 0 Options --------- Layout 1 ASCII 0 Keyboard 0 Movement Mouse Keybinds 0 Fullscreen 1 Font 24/Smallcaps Map View 50x35 Zoom Use 0% Tactical HUD 0 Map Filters NONE Filters NONE Steam 1 RUN: ed4953f7-6faf-4c5a-b419-9d0b19d70958